Map: [ESL] Data-C

Players

SKillous

  • Race: Protoss Protoss
  • Spawn Location: 3:00

ShoWTimE - Winner!

  • Race: Protoss Protoss
  • Spawn Location: 9:00

Event: DreamHack SC2 Masters 2022 Atlanta (Online)

VOD

Have the link to the VOD?

Description

Time

  • Played on: Oct. 15, 2022, 10:12 a.m.
  • Length: 11:52

All games in this series

Show
View Real Time Build Order
Export as new Build Order

SKillous Protoss 

Build Orders: 1 Gate Expand 

Get SALT Encoding   

  12  0:00  Probe  
  13  0:12  Probe  
  14  0:18  Pylon  
  14  0:24  Probe (Chrono Boost)  
  15  0:37  Probe (Chrono Boost)  
  15  0:40  Gateway  
  16  0:45  Probe (Chrono Boost)  
  16  0:46  Assimilator  
  17  0:51  Probe  
  18  1:03  Probe  
  19  1:07  Pylon  
  19  1:15  Probe  
  20  1:26  Nexus  
  20  1:36  Cybernetics Core  
  20  1:39  Probe  
  21  1:47  Assimilator  
  21  1:51  Probe  
  21  1:53  Pylon  
  22  2:03  Probe  
  23  2:10  Warp Gate (Chrono Boost), Stalker (Chrono Boost)  
  25  2:15  Probe  
  26  2:27  Probe  
  27  2:30  Stalker (Chrono Boost)  
  28  2:37  Gateway  
  28  2:38  Probe  
  28  2:43  Probe  
  30  2:47  Shield Battery  
  30  2:55  Stalker  
  32  3:04  Shield Battery  
  32  3:12  Gateway  
  32  3:17  Shield Battery  
  32  3:23  Probe  
  32  3:25  Stalker  
  35  3:28  Probe  
  34  3:45  Probe (Chrono Boost)  
  36  3:49  Probe (Chrono Boost), Stalker  
  36  3:55  Probe (Chrono Boost)  
  39  3:58  Probe (Chrono Boost)  
  39  4:00  Probe (Chrono Boost)  
  41  4:06  Stalker  
  41  4:07  Stalker  
  41  4:08  Probe  
  45  4:12  Probe  
  45  4:13  Pylon  
  46  4:18  Twilight Council  
  46  4:20  Pylon  
  46  4:30  Pylon  
  46  4:33  Stalker x2  
  46  4:34  Stalker  
  46  4:37  Probe (Chrono Boost)  
  54  4:39  Probe (Chrono Boost)  
  54  4:43  Pylon  
  55  4:47  Probe (Chrono Boost), Blink (Chrono Boost)  
  55  4:49  Probe (Chrono Boost)  
  55  4:51  Probe (Chrono Boost)  
  55  4:52  Assimilator  
  56  4:59  Probe  
  58  5:01  Stalker  
  58  5:03  Probe  
  61  5:09  Stalker  
  61  5:11  Probe  
  64  5:17  Probe  
  65  5:22  Pylon  
  65  5:24  Stalker x2  
  67  5:30  Probe  
  67  5:32  Probe  
  68  5:36  Pylon  
  68  5:42  Probe  
  69  5:44  Robotics Facility  
  69  5:47  Stalker  
  71  5:53  Stalker  
  71  5:55  Probe x2  
  71  5:56  Assimilator  
  75  5:59  Stalker  
  75  6:11  Probe  
  75  6:12  Stalker  
  75  6:17  Stalker  
  80  6:20  Probe  
  80  6:22  Stalker  
  83  6:29  Pylon  
  83  6:33  Nexus  
  83  6:34  Observer  
  83  6:35  Probe  
  85  6:40  Probe (Chrono Boost), Pylon  
  86  6:51  Forge  
  86  6:53  Probe (Chrono Boost)  
  88  6:54  Probe (Chrono Boost)  
  88  7:01  Probe (Chrono Boost)  
  85  7:09  Stalker x3  
  85  7:10  Probe (Chrono Boost)  
  85  7:11  Observer  
  92  7:16  Probe (Chrono Boost)  
  92  7:20  Protoss Ground Weapons Level 1 (Chrono Boost)  
  92  7:22  Probe (Chrono Boost)  
  93  7:27  Probe x2 (Chrono Boost)  
  95  7:30  Shield Battery  
  95  7:32  Stalker x3  
  95  7:34  Observer  
  102  7:40  Gateway  
  102  7:41  Gateway  
  102  7:53  Gateway  
  102  7:55  Gateway  
  102  7:56  Warp Prism (Chrono Boost), Gateway  
  102  8:04  Stalker  
  106  8:08  Stalker  
  106  8:11  Stalker  
  110  8:17  Probe  
  111  8:21  Probe  
  111  8:25  Probe  
  111  8:28  Dark Shrine  
  111  8:29  Probe (Chrono Boost)  
  107  8:34  Nexus  
  107  8:36  Pylon  
  107  8:37  Probe (Chrono Boost)  
  107  8:40  Pylon  
  109  8:42  Probe (Chrono Boost)  
  109  8:43  Probe (Chrono Boost), Stalker  
  109  8:46  Stalker  
  109  8:48  Probe x2 (Chrono Boost)  
  114  8:50  Probe (Chrono Boost)  
  116  8:56  Probe, Stalker x2  
  116  8:58  Probe  
  116  9:01  Pylon  
  118  9:12  Assimilator  
  118  9:13  Probe, Assimilator  
  118  9:15  Stalker x5  
  118  9:16  Probe x2, Protoss Ground Weapons Level 2 (Chrono Boost)  
  113  9:30  Robotics Bay  
  114  9:35  Stalker x3  
  117  9:40  Stalker x2  
  117  9:41  Pylon  
  117  9:42  Dark Templar  
  123  9:51  Observer (Chrono Boost)  
  123  9:52  Probe  
  122  9:55  Nexus  
  122  9:56  Dark Templar  
  124  10:03  Photon Cannon  
  124  10:06  Stalker  
  126  10:07  Shield Battery  
  126  10:08  Zealot  
  126  10:12  Probe  
  126  10:13  Zealot  
  123  10:15  Probe  
  123  10:16  Probe  
  123  10:17  Disruptor (Chrono Boost)  
  127  10:27  Pylon  
  127  10:28  Pylon  
  125  10:29  Pylon  
  125  10:33  Pylon  
  125  10:43  Disruptor (Chrono Boost)  
  125  10:45  Pylon  
  125  10:48  Nexus  
  125  10:49  Pylon  
  126  10:50  Zealot  
  126  10:56  Stalker x3  
  134  11:08  Shield Battery  
  132  11:16  Disruptor (Chrono Boost)  
  129  11:36  Stalker x4  
  134  11:43  Zealot x4  
Show
View Real Time Build Order
Export as new Build Order

ShoWTimE Protoss - Winner!

Build Orders: Oracle Opening 

Get SALT Encoding   

  12  0:00  Probe  
  13  0:12  Probe  
  14  0:18  Pylon  
  14  0:24  Probe (Chrono Boost)  
  15  0:36  Probe (Chrono Boost)  
  15  0:38  Gateway  
  16  0:45  Probe (Chrono Boost)  
  16  0:46  Assimilator  
  17  0:50  Probe  
  18  1:03  Probe  
  19  1:15  Probe (Chrono Boost)  
  20  1:20  Assimilator  
  20  1:21  Pylon  
  21  1:25  Cybernetics Core  
  21  1:27  Probe (Chrono Boost)  
  21  1:33  Probe (Chrono Boost)  
  21  1:39  Zealot  
  24  1:41  Probe  
  25  1:51  Pylon  
  25  1:53  Probe  
  26  2:09  Stargate  
  26  2:12  Stalker  
  28  2:16  Probe  
  28  2:22  Warp Gate  
  29  2:38  Nexus  
  29  2:56  Void Ray (Chrono Boost)  
  29  2:57  Probe  
  34  3:03  Pylon  
  34  3:09  Probe  
  33  3:21  Probe  
  33  3:23  Oracle (Chrono Boost)  
  37  3:33  Probe  
  38  3:45  Probe  
  38  3:46  Gateway  
  38  3:47  Twilight Council  
  39  3:57  Shield Battery, Probe x2  
  41  4:09  Probe  
  43  4:10  Probe  
  43  4:13  Gateway  
  43  4:16  Blink (Chrono Boost), Stalker  
  45  4:21  Probe  
  45  4:22  Probe  
  47  4:34  Probe x2  
  47  4:35  Pylon  
  49  4:44  Stalker x2  
  53  4:46  Probe  
  54  4:58  Probe  
  55  5:00  Pylon  
  55  5:06  Probe  
  56  5:08  Stalker x3  
  56  5:11  Assimilator  
  62  5:21  Pylon  
  62  5:34  Nexus  
  62  5:35  Pylon  
  62  5:39  Probe x2, Stalker x2  
  62  5:40  Stalker  
  70  5:48  Forge  
  70  5:53  Probe x2  
  70  5:55  Pylon  
  72  6:06  Probe  
  72  6:08  Stalker x3  
  72  6:10  Probe  
  78  6:16  Protoss Ground Weapons Level 1 (Chrono Boost)  
  78  6:18  Robotics Facility, Probe  
  79  6:22  Probe  
  80  6:26  Shield Battery  
  80  6:30  Probe  
  81  6:33  Stalker x2  
  81  6:34  Probe  
  81  6:39  Pylon  
  87  6:47  Probe (Chrono Boost)  
  87  6:48  Stalker  
  87  6:52  Probe (Chrono Boost)  
  87  6:53  Probe (Chrono Boost)  
  91  6:57  Probe (Chrono Boost)  
  91  6:58  Stalker  
  91  7:00  Probe (Chrono Boost)  
  91  7:01  Probe (Chrono Boost), Pylon  
  95  7:02  Probe (Chrono Boost)  
  88  7:11  Probe  
  88  7:12  Probe  
  88  7:13  Stalker x2  
  95  7:18  Charge (Chrono Boost)  
  95  7:19  Observer (Chrono Boost), Pylon  
  95  7:20  Assimilator  
  96  7:23  Probe  
  96  7:24  Probe  
  96  7:27  Gateway  
  96  7:28  Gateway  
  97  7:32  Observer (Chrono Boost), Probe  
  97  7:34  Gateway  
  99  7:41  Stalker x2  
  99  7:43  Pylon  
  103  7:49  Nexus  
  103  7:50  Observer  
  103  7:52  Probe x3  
  106  7:59  Gateway  
  106  8:01  Gateway  
  106  8:04  Stalker  
  108  8:08  Stalker x2  
  108  8:10  Probe x2  
  114  8:19  Probe  
  115  8:20  Pylon  
  115  8:22  Probe  
  116  8:27  Stalker x3  
  116  8:32  Probe  
  123  8:35  Shield Battery  
  123  8:37  Stalker x3  
  123  8:38  Pylon  
  123  8:41  Protoss Ground Weapons Level 2 (Chrono Boost)  
  129  8:46  Photon Cannon  
  129  8:56  Observer, Stalker x4  
  137  9:08  Stalker x3  
  139  9:10  Probe x2  
  139  9:11  Probe  
  139  9:13  Photon Cannon  
  138  9:29  Stalker x5  
  138  9:31  Probe  
  149  9:33  Assimilator  
  149  9:34  Zealot x3, Assimilator  
  149  9:37  Photon Cannon, Pylon  
  155  9:52  Stalker x5  
  156  9:56  Zealot x3  
  156  9:58  Observer, Probe x2  
  164  10:00  Probe  
  164  10:05  Observer  
  166  10:10  Pylon  
  166  10:16  Zealot x3  
  172  10:26  Observer  
  171  10:32  Zealot x5, Pylon  
  175  10:37  Nexus  
  175  10:40  Pylon  
  169  10:44  Probe x3  
  169  10:48  Photon Cannon  
  169  10:49  Shield Battery  
  172  10:52  Stalker x4  
  172  10:53  Stalker  
  182  10:57  Stalker x2  
  182  11:04  Robotics Bay  
  185  11:07  Robotics Facility  
  183  11:12  Zealot  
  183  11:16  Probe  
  183  11:17  Probe x2  
  182  11:28  Stalker x7  
  168  11:48  Stalker  
Tags
 
Add a new tag
Caveats
  • Supply blocks, unpowered buildings, or Contaminate may cause inaccurate times.
  • Supply counts are checked every 10 seconds.